 Dungeon Crawl Stone Soup version 0.30.1 (webtiles) character file.

Game seed: 12845765882360361620

177 Graphine the Sneak (level 5, -2/32 HPs)
             Began as a Kobold Brigand on July 4, 2023.
             Was an Initiate of Gozag.
             Splashed by a jelly's acid (10 damage)
             ... on level 5 of the Dungeon.
             The game lasted 00:04:59 (3796 turns).

Graphine the Sneak (Kobold Brigand)                 Turns: 3796, Time: 00:05:00

Health: -2/32      AC: -9    Str:  9    XL:     5   Next: 88%
Magic:  5/5        EV: 15    Int: 12    God:    Gozag
Gold:   69         SH:  0    Dex: 18    Spells: 4/4 levels left

rFire   . . .        a - +2 dagger (freeze)
rCold   . . .        (no shield)
rNeg    . . .        b - +0 robe
rPois   .            (no helmet)
rElec   .            c - +0 cloak
rCorr   .            (no gloves)
SInv    .            (no boots)
Will    .....        (no amulet)
Stlth   ++++         (no ring)
HPRegen 0.25/turn    (no ring)
MPRegen 0.09/turn

%: no passive effects
@: corroded
A: small, no large weapons, nightstalker 3
a: Renounce Religion, Potion Petition, Call Merchant, Bribe Branch


You were on level 5 of the Dungeon.
You worshipped Gozag.
Gozag was noncommittal.
You visited 2 branches of the dungeon, and saw 6 of its levels.

You collected 150 gold pieces.
You spent 10 gold pieces at shops.
You paid 71 gold pieces to Gozag.

Inventory:

Hand Weapons
 a - a +2 dagger of freezing (weapon)
 f - the +3 hand axe "Gine" {holy, rF+ Will+ Int+5 Dex-2}
   (You found it on level 2 of the Dungeon)

   Int:       It affects your intelligence (+5).
   Dex:       It affects your dexterity (-2).
   rF:        It protects you from fire.
   Will:      It increases your willpower.
 i - a +2 dagger of holy wrath
Missiles
 d - 14 poisoned darts (quivered)
 e - 2 curare-tipped darts
Armour
 b - a +0 robe (worn)
 c - a +0 cloak (worn)
Jewellery
 g - a ring of willpower
 k - an amulet of regeneration
 o - an amulet of guardian spirit
Scrolls
 q - a scroll of brand weapon
 u - 2 scrolls of fog {unknown}
 v - a scroll of immolation {unknown}
 x - a scroll of identify
Potions
 h - a potion of might
 j - a potion of resistance {unknown}
 l - a potion of flight {unknown}
 m - 3 potions of haste {unknown}
 n - 2 potions of berserk rage
 p - a potion of heal wounds {unknown}
 r - a potion of brilliance {unknown}
 s - a potion of degeneration
 t - a potion of lignification {unknown}
 w - a potion of ambrosia {unknown}
 z - a potion of magic {unknown}
 A - a potion of invisibility {unknown}


   Skills:
 + Level 2.8 Fighting
 * Level 4.0 Short Blades
 - Level 2.1 Throwing
 * Level 3.2 Dodging
 * Level 6.4 Stealth
 * Level 2.7 Evocations


You had 4 spell levels left.
You didn't know any spells.
Your spell library contained the following spells:

 Spells                   Type           Power      Damage    Failure   Level
 Dazzling Flash           Conj/Hex       0%         N/A       69%         3
 Portal Projectile        Hex/Tloc       0%         N/A       69%         3
 Tukima's Dance           Hex            0%         N/A       69%         3
 Volatile Blastmotes      Fire/Tloc      0%         2d10      69%         3
 Iskenderun's Mystic Bla  Conj/Tloc      0%         2d3       97%         4
 Blade Hands              Tmut           0%         N/A       100%        5
 Starburst                Conj/Fire      0%         6d3       100%        6


Dungeon Overview and Level Annotations

Branches:
Dungeon (5/15)             Temple (1/1) D:5

Altars:
Ashenzari
Dithmenos
Elyvilon
Fedhas
Gozag
Hepliaklqana
Kikubaaqudgha
Makhleb
Nemelex Xobeh
Okawaru
Qazlal
Ru
Trog
Uskayaw
Vehumet
Wu Jian
Xom
Yredelemnul
Zin

Shops:
D:2 !


Innate Abilities, Weirdness & Mutations

You are small and have problems with some larger weapons.
You are completely attuned to the shadows.


Message History

Your hands burn!
The jelly is heavily wounded.
The jelly closely misses you.
You hit the jelly. You freeze the jelly.
Your hands burn!
The jelly is heavily wounded.
The jelly completely misses you.
You hit the jelly but do no damage.
Your hands burn!
The jelly is heavily wounded.
The jelly barely misses you.
You hit the jelly but do no damage.
Your hands burn!
The jelly is heavily wounded.
You hit the jelly but do no damage.
Your hands burn!
The jelly is heavily wounded.
The jelly hits you. The acid corrodes you!
You are splashed with acid!
* * * LOW HITPOINT WARNING * * *
You are too injured to fight recklessly!
You are too injured to fight recklessly!
You aren't carrying any items that you can evoke.
Unknown command.
Throw: 14 darts (poison)
Press: ? - help, Q - select action, (/) - cycle Shift-Dir - straight line, f - jelly
Aim: a jelly (heavily wounded, 90% to hit)
Okay, then.
Throw: 3 darts (curare)
Press: ? - help, Shift-Dir - straight line, f - jelly
Aim: a jelly (heavily wounded, 90% to hit)
You throw a curare-tipped dart. The curare-tipped dart hits the jelly.
The jelly is heavily wounded.
The jelly closely misses you.
Unknown command.
Press: ? - help, v - describe, . - travel, g - get item
Here: a jelly (heavily wounded) Item here: a curare-tipped dart.
The floor.
Okay, then.
The jelly attacks as you move away! The jelly hits you.
* * * LOW HITPOINT WARNING * * *
The acid corrodes you!
You are splashed with acid!
You die...
Your body crumbles into a pile of gold.

...........
...........
...........
...........
###..#'###########
#..#...........+
###..#..(........#.
.....#............$
.....#.......@..#
.....####.###.J.#
####....#.###+#.#
#....#..#...(#
#....#..#....#
#....#..#....#
#..).#######.#
##.........
#.........#


You could see a jelly.

Vanquished Creatures
  An orc wizard (D:2)
  4 adders
  2 white imps
  2 worms
  A dart slug (D:1)
  13 orcs
  6 ball pythons
  A bat (D:2)
  9 endoplasms
  4 giant cockroaches
  7 hobgoblins
  2 jackals (D:1)
  7 kobolds
  3 quokkas
  5 frilled lizards
  6 goblins
  7 rats
80 creatures vanquished.

Notes
Turn   | Place    | Note
-------+----------+-------------------------------------------
     0 | D:1      | Graphine the Kobold Brigand began the quest for the Orb.
     0 | D:1      | Reached XP level 1. HP: 12/12 MP: 1/1
    59 | D:1      | Reached XP level 2. HP: 9/17 MP: 2/2
   195 | D:1      | Reached skill level 1 in Evocations
   259 | D:1      | Reached XP level 3. HP: 14/22 MP: 3/3
  1107 | D:2      | Identified the +3 hand axe "Gine" {holy, rF+ Will+ Int+5
                  | Dex-2}
  1194 | D:2      | Reached XP level 4. HP: 14/27 MP: 4/4
  1356 | D:2      | Reached skill level 6 in Stealth
  1613 | D:2      | Found Cimon's Distillery.
  1628 | D:2      | Reached XP level 5. HP: 31/31 MP: 5/5
  1629 | D:2      | Bought a potion of degeneration for 10 gold pieces
  1930 | D:3      | Found a hide-covered altar of Uskayaw.
  3236 | D:4      | Noticed a bullfrog
  3335 | D:5      | Entered Level 5 of the Dungeon
  3365 | D:5      | Found a staircase to the Ecumenical Temple.
  3377 | Temple   | Entered the Ecumenical Temple
  3676 | Temple   | Became a worshipper of Gozag Ym Sagoz the Greedy
  3796 | D:5      | Splashed by a jelly's acid

Illustrated notes

Levels and vault maps discovered:
D:1:      dpeg_arrival_prison, layout_basic, st_stairs_5
D:2:      layout_loops_ring, serial_shops, shop
D:3:      layout_basic, mainiacjoe_overflow_concentric_impassable, serial_bayou,
          serial_bayou_pond_e, serial_bayou_pond_a, serial_bayou_pond_e,
          serial_bayou_pond_a, wander_ebering_terrifying_dragon_lair
D:4:      layout_rooms, lightli_corner_chamber
D:5:      layout_gridville, tso_metal_star, nicolae_sif_muna_condensation,
          minmay_temple_entry_glassed_door, serial_shops,
          nicolae_take_the_stairs, nicolae_shop_competitors_out_of_business,
          nicolae_shop_gaudy_bauble, kennysheep_mini
Temple:   dpeg_five_rooms_temple

Skill      XL: |  1  2  3  4  5 |
---------------+----------------+-----
Short Blades   | 3 4 |  4.0
Evocations     | 1 2 |  2.7
Dodging        | 2 3 |  3.2
Stealth        | 6 |  6.4
Fighting       | |  2.8
Throwing       | |  2.1

Action                     |  1- 3 |  4- 6 || total
---------------------------+-------+-------++-------
  Melee: Dagger            |    92 |   128 ||   220
         Punch             |       |     4 ||     4
  Throw: Dart              |       |     1 ||     1
    Use: Scroll            |     6 |     3 ||     9
   Stab: Sleeping          |    14 |    19 ||    33
 Armour: Robe              |    10 |    11 ||    21
  Dodge: Dodged            |    42 |    65 ||   107
